 Dungeon Crawl Stone Soup version 0.28.0 (webtiles) character file.

Game seed: 15683715305988695835

1507 Ayyar the Twirler (level 8, 0/67 HPs)
             Began as a Gnoll Wanderer on Feb 18, 2022.
             Was a Believer of Okawaru.
             Shot with an arrow by a centaur (7 damage)
             ... on level 7 of the Dungeon.
             The game lasted 00:29:57 (8737 turns).

Ayyar the Twirler (Gnoll Wanderer)                  Turns: 8737, Time: 00:29:57

Health: 0/67       AC:  4    Str: 17    XL:     8   Next: 82%
Magic:  13/13      EV: 27    Int: 15    God:    Okawaru [**....]
Gold:   432        SH:  0    Dex: 11    Spells: 10/14 levels left

rFire   . . .      SeeInvis .   a - +3 quarterstaff
rCold   . . .      Faith    .   (shield currently unavailable)
rNeg    . . .      Spirit   .   E - +2 robe {Archmagi}
rPois   .          Reflect  .   k - +0 hat
rElec   .          Harm     .   (no cloak)
rCorr   .          Rampage  .   (no gloves)
Will    +....      Archmagi +   (no boots)
Stlth   ++........              i - amulet of the acrobat
HPRegen 0.21/turn               o - +6 ring of intelligence
MPRegen 0.13/turn               I - ring of willpower

@: acrobatic
A: fangs 1, strong nose, distributed training
a: Renounce Religion, Heroism


You were on level 7 of the Dungeon.
You worshipped Okawaru.
Okawaru was pleased with you.
You visited 2 branches of the dungeon, and saw 8 of its levels.
You also visited: Sewer.

You collected 432 gold pieces.

Inventory:

Hand Weapons
 a - a +3 quarterstaff (weapon)
 b - a +0 hunting sling
 D - a +1 whip of electrocution
 N - a +2 mace of draining
Missiles
 c - 112 sling bullets
 l - 87 stones
 A - 9 poisoned darts (quivered)
 M - 3 boomerangs
Armour
 k - a +0 hat (worn)
 n - a +0 ring mail
 v - a +0 kite shield
 E - a +2 robe of the Archmagi (worn)
Magical Staves
 u - a staff of air
 F - a staff of poison
Jewellery
 i - an amulet of the acrobat (around neck)
 m - a ring of ice
 o - a +6 ring of intelligence (left hand)
 B - a ring of flight
 C - a +4 ring of evasion
 H - a ring of wizardry
 I - a ring of willpower (right hand)
 L - a ring of positive energy
Scrolls
 f - 3 scrolls of amnesia
 j - 3 scrolls of fear
 p - a scroll of identify
 q - a scroll of holy word {unknown}
 r - 5 scrolls of enchant armour
 s - 2 scrolls of blinking {unknown}
 t - a scroll of fog {unknown}
 w - 2 scrolls of vulnerability {unknown}
 y - 3 scrolls of teleportation {unknown}
 J - a scroll of magic mapping {unknown}
 P - a scroll of summoning {unknown}
Potions
 e - a potion of berserk rage {unknown}
 g - a potion of lignification {unknown}
 h - 3 potions of haste
 x - 4 potions of flight
 z - 2 potions of magic
 G - 2 potions of curing {unknown}
 K - a potion of mutation {unknown}
 O - a potion of invisibility {unknown}


   Skills:
 + Level 7.5 Fighting
 + Level 3.6 Short Blades
 + Level 3.6 Long Blades
 + Level 3.6 Axes
 + Level 3.6 Maces & Flails
 + Level 3.6 Polearms
 + Level 7.5 Staves
 + Level 4.5 Slings
 + Level 3.6 Bows
 + Level 3.6 Crossbows
 + Level 3.6 Throwing
 + Level 3.6 Armour
 + Level 3.6 Dodging
 + Level 4.3 Stealth
 + Level 3.6 Shields
 + Level 3.6 Unarmed Combat
 + Level 3.6 Spellcasting
 + Level 3.0 Conjurations
 + Level 3.0 Hexes
 + Level 3.0 Summonings
 + Level 3.0 Necromancy
 + Level 3.0 Translocations
 + Level 3.0 Transmutations
 + Level 3.0 Fire Magic
 + Level 3.0 Ice Magic
 + Level 3.0 Air Magic
 + Level 3.0 Earth Magic
 + Level 3.0 Poison Magic
 + Level 4.8 Invocations
 + Level 4.5 Evocations


You had 10 spell levels left.
You knew the following spells:

 Your Spells              Type           Power      Damage    Failure   Level
a - Sandblast             Erth           34%        2d9       5%          1
b - Stone Arrow           Conj/Erth      34%        3d9       17%         3

Your spell library contained the following spells:

 Spells                   Type           Power      Damage    Failure   Level
 Beastly Appendage        Tmut           34%        N/A       5%          1
 Blink                    Tloc           34%        N/A       9%          2
 Corpse Rot               Necr/Air       34%        N/A       9%          2
 Passwall                 Tmut/Erth      14%        N/A       9%          2
 Poisonous Vapours        Pois/Air       34%        N/A       9%          2
 Wereblood                Tmut           17%        N/A       9%          2
 Spider Form              Tmut/Pois      17%        N/A       17%         3
 Manifold Assault         Tloc           17%        N/A       83%         5
 Storm Form               Tmut/Air       8%         N/A       100%        7


Dungeon Overview and Level Annotations

Branches:
Dungeon (7/15)             Temple (1/1) D:4           Sewer (visited)

Altars:
Cheibriados
Dithmenos
Elyvilon
Gozag
Hepliaklqana
Kikubaaqudgha
Makhleb
Nemelex Xobeh
Okawaru
Qazlal
Ru
Sif Muna
Trog
Uskayaw
Vehumet
Wu Jian
Xom
Yredelemnul
Zin
The Shining One

Shops:
D:1 [


Innate Abilities, Weirdness & Mutations

You have very sharp teeth.
Your uncanny sense of smell can sniff out nearby items.
Your experience applies equally to all skills.


Message History

The centaur shouts!
The centaur shoots an arrow.
The arrow completely misses you.
The centaur wields a +0 shortbow.
The centaur shoots an arrow.
The arrow barely misses you.
The centaur shouts!
The centaur shoots an arrow.
The arrow completely misses you.
The centaur shoots an arrow.
The arrow closely misses you.
The centaur shoots an arrow.
The arrow hits you!
The centaur shoots an arrow.
The arrow misses you.
The centaur shoots an arrow.
The arrow closely misses you.
The centaur shoots an arrow.
The arrow hits you.
The centaur wields a +0 shortbow.
The centaur shoots an arrow.
The arrow barely misses you.
The centaur shoots an arrow.
The arrow closely misses you.
The centaur shoots an arrow.
The arrow closely misses you.
The centaur shoots an arrow.
The arrow completely misses you.
The centaur shoots an arrow.
The arrow hits you!
The centaur shoots an arrow.
The arrow completely misses you.
The centaur shoots an arrow.
The arrow misses you.
The centaur shoots an arrow.
The arrow closely misses you.
The centaur shoots an arrow.
The arrow completely misses you.
The centaur shoots an arrow.
The arrow misses you.
The centaur shoots an arrow.
The arrow misses you.
The centaur shoots an arrow.
The arrow hits you!
The centaur shoots an arrow.
The arrow completely misses you.
The centaur shoots an arrow.
The arrow misses you.
The centaur shoots an arrow.
The arrow completely misses you.
The centaur shoots an arrow.
The arrow completely misses you.
The centaur shoots an arrow.
The arrow misses you.
The centaur shoots an arrow.
The arrow completely misses you.
The centaur shoots an arrow.
The arrow hits you!
* * * LOW HITPOINT WARNING * * *
The centaur shoots an arrow.
The arrow hits you but does no damage.
The centaur shoots an arrow.
The arrow hits you!
* * * LOW HITPOINT WARNING * * *
The centaur shoots an arrow.
The arrow closely misses you.
The centaur shoots an arrow.
The arrow completely misses you.
The centaur shoots an arrow.
The arrow closely misses you.
The centaur shoots an arrow.
The arrow hits you!
You die...

###.........#...###.#.###...##.#.
....<...............#......###[..
####.......#.......######.##...<.
##.....##.#.....######.##.#.<.
≈≈≈######..#.........[.........
≈≈≈≈ ##..##......#...#..####..
≈≈≈≈≈ ≈≈≈.##.....#..8.........#
≈≈≈≈≈ ≈≈≈≈≈≈≈..............#####
≈≈≈≈≈ .≈≈≈≈≈≈≈≈.@.....>...### #
≈≈≈ ...≈≈≈≈≈≈...........# ####
≈≈. ..c≈≈≈≈≈.####8...8.# #... ≈≈.
...≈≈≈≈≈.# #....#.# #... ≈≈.
..cc≈≈≈≈.# #....### #... ≈≈c
#..c≈≈≈..# ###### #### ≈≈≈
#.c≈≈≈.## ≈≈≈ #.≈≈≈≈.# ≈≈≈
#.≈≈≈≈..#


You could see 5 centaurs.

Vanquished Creatures
  A shadow (D:7)
  A centaur (D:7)
  3 ogres
  A bullfrog (D:6)
  A wyvern zombie (D:7)
  2 howler monkeys (D:6)
  A bullfrog zombie (D:6)
  2 centaur zombies (D:6)
  2 orc priests
  A hound (D:5)
  2 jellies
  4 iguanas
  5 orc wizards
  A killer bee zombie (D:7)
  A howler monkey zombie (D:5)
  A gnoll (D:2)
  5 river rats
  16 adders
  4 worms
  3 dart slugs
  19 orcs
  4 endoplasms
  2 goblins
  A hobgoblin (D:2)
  5 jackals
  13 kobolds
  2 quokkas
  11 ball pythons
  14 bats
  9 frilled lizards
  6 rats
143 creatures vanquished.

Vanquished Creatures (others)
  8 plants
8 creatures vanquished.

Grand Total: 151 creatures vanquished

Notes
Turn   | Place    | Note
-------+----------+-------------------------------------------
     0 | D:1      | Ayyar the Gnoll Wanderer began the quest for the Orb.
     0 | D:1      | Ayyar set off with the following items: a +3 quarterstaff,
                  | a +0 hunting sling, 17 sling bullets, a +0 leather armour
     0 | D:1      | Reached XP level 1. HP: 23/23 MP: 2/2
    95 | D:1      | Found Gyit's Armour Shop.
   245 | D:1      | Found a faded altar of an unknown god.
   550 | D:1      | Reached XP level 2. HP: 25/29 MP: 3/3
   874 | D:2      | Found a radiant altar of Vehumet.
  1079 | D:2      | Reached XP level 3. HP: 35/35 MP: 4/4
  1323 | D:2      | Reached skill level 1 in Short Blades
  1323 | D:2      | Reached skill level 1 in Long Blades
  1323 | D:2      | Reached skill level 1 in Axes
  1323 | D:2      | Reached skill level 1 in Maces & Flails
  1323 | D:2      | Reached skill level 1 in Polearms
  1323 | D:2      | Reached skill level 1 in Bows
  1323 | D:2      | Reached skill level 1 in Crossbows
  1323 | D:2      | Reached skill level 1 in Throwing
  1323 | D:2      | Reached skill level 1 in Armour
  1323 | D:2      | Reached skill level 1 in Dodging
  1323 | D:2      | Reached skill level 1 in Shields
  1323 | D:2      | Reached skill level 1 in Unarmed Combat
  1323 | D:2      | Reached skill level 1 in Spellcasting
  1389 | D:2      | Reached XP level 4. HP: 41/41 MP: 6/6
  2066 | D:3      | Reached skill level 1 in Conjurations
  2066 | D:3      | Reached skill level 1 in Hexes
  2066 | D:3      | Reached skill level 1 in Summonings
  2066 | D:3      | Reached skill level 1 in Necromancy
  2066 | D:3      | Reached skill level 1 in Translocations
  2066 | D:3      | Reached skill level 1 in Transmutations
  2066 | D:3      | Reached skill level 1 in Fire Magic
  2066 | D:3      | Reached skill level 1 in Ice Magic
  2066 | D:3      | Reached skill level 1 in Air Magic
  2066 | D:3      | Reached skill level 1 in Earth Magic
  2066 | D:3      | Reached skill level 1 in Poison Magic
  2513 | D:3      | Reached XP level 5. HP: 46/47 MP: 7/7
  2757 | D:4      | Found a glowing drain.
  2825 | Sewer    | Entered a sewer
  3340 | Sewer    | Reached XP level 6. HP: 40/53 MP: 8/8
  3926 | D:4      | Found a staircase to the Ecumenical Temple.
  3931 | Temple   | Entered the Ecumenical Temple
  4081 | Temple   | Became a worshipper of Warmaster Okawaru
  4527 | D:4      | Found a sparkling altar of Nemelex Xobeh.
  4808 | D:5      | Entered Level 5 of the Dungeon
  4878 | D:5      | Reached XP level 7. HP: 59/59 MP: 10/10
  5022 | D:5      | Reached * piety under Okawaru
  5834 | D:5      | Learned a level 1 spell: Sandblast
  5838 | D:5      | Learned a level 3 spell: Stone Arrow
  6213 | D:6      | Reached XP level 8. HP: 59/67 MP: 12/12
  6814 | D:6      | Found an ancient bone altar of Kikubaaqudgha.
  6814 | D:6      | Found a shimmering blue altar of Sif Muna.
  7196 | D:7      | Found a hazy altar of Hepliaklqana.
  7479 | D:6      | Reached ** piety under Okawaru
  8167 | D:7      | Noticed a shadow
  8185 | D:7      | Killed a shadow
  8737 | D:7      | Shot with an arrow by a centaur

Illustrated notes

Levels and vault maps discovered:
D:1:      amcnicky_arrival_feature_with_door, layout_loops_ring,
          dreamdust_ecumenical_altar_grove, serial_shops, shop,
          minmay_misc_feat_iff, minmay_crystal_water, minivault_5
D:2:      minmay_angry_zag, layout_loops_ring, basic_altar, serial_bayou,
          serial_bayou_lake_a, serial_bayou_pond_e, serial_bayou_pond_a,
          serial_bayou_shore_b
D:3:      layout_loops_ring, kennysheep_generic_room_15
D:4:      layout_gridville, general_overflow_altar,
          minmay_temple_entry_drinking_statues, portal_sewer_entry_b,
          feat_on_display
D:5:      layout_loops_ring, corner_web_ring, saegor_snake_ambush
D:6:      layout_basic, amethyst_overflow_temple_binary,
          hangedman_abyss_or_decor_passed
D:7:      layout_rooms, mainiacjoe_overflow_catwalk, grunt_ministairs_1,
          centaur_isle
Temple:   nicolae_temple_elliptical

Skill      XL: |  1  2  3  4  5  6  7  8 |
---------------+-------------------------+-----
Short Blades   | 1 2 3 |  3.6
Long Blades    | 1 2 3 |  3.6
Axes           | 1 2 3 |  3.6
Maces & Flails | 1 2 3 |  3.6
Polearms       | 1 2 3 |  3.6
Bows           | 1 2 3 |  3.6
Crossbows      | 1 2 3 |  3.6
Throwing       | 1 2 3 |  3.6
Armour         | 1 2 3 |  3.6
Dodging        | 1 2 3 |  3.6
Shields        | 1 2 3 |  3.6
Unarmed Combat | 1 2 3 |  3.6
Spellcasting   | 1 2 3 |  3.6
Conjurations   | 1 2 3 |  3.0
Hexes          | 1 2 3 |  3.0
Summonings     | 1 2 3 |  3.0
Necromancy     | 1 2 3 |  3.0
Translocations | 1 2 3 |  3.0
Transmutations | 1 2 3 |  3.0
Fire Magic     | 1 2 3 |  3.0
Ice Magic      | 1 2 3 |  3.0
Air Magic      | 1 2 3 |  3.0
Earth Magic    | 1 2 3 |  3.0
Poison Magic   | 1 2 3 |  3.0
Invocations    | 3 4 |  4.8
Slings         | 3 4 |  4.5
Evocations     | 3 4 |  4.5
Stealth        | 3 4 |  4.3
Fighting       | 7 |  7.5
Staves         | 7 |  7.5

Action                   |  1- 3 |  4- 6 |  7- 9 || total
-------------------------+-------+-------+-------++-------
Melee: Quarterstaff      |    61 |   166 |   163 ||   390
       Bite              |     6 |    17 |    11 ||    34
 Fire: Hunting sling     |     9 |     7 |    14 ||    30
Throw: Dart              |       |       |     8 ||     8
 Cast: Sandblast         |       |       |    22 ||    22
       Stone Arrow       |       |       |     1 ||     1
  Use: Potion            |       |     1 |       ||     1
       Scroll            |       |       |     5 ||     5
 Stab: Sleeping          |     2 |     4 |     5 ||    11
Armor: Leather armour    |     8 |       |       ||     8
       Ring mail         |    19 |    49 |    18 ||    86
       Robe              |       |       |    19 ||    19
Dodge: Dodged            |    39 |   132 |   156 ||   327
